 Dungeon Crawl Stone Soup version 0.29.1-1-gd02db6906a (webtiles) character file.

Game seed: 9800723981203247021

630 croobank the Sneak (level 7, -1/44 HPs)
             Began as an Octopode Summoner on Sept 29, 2022.
             Killed by an exploding themself (41 damage)
             ... ignited by their inner flame
             ... on level 5 of the Dungeon.
             The game lasted 00:16:08 (5686 turns).

croobank the Sneak (Octopode Summoner)              Turns: 5686, Time: 00:16:08

Health: -1/44      AC:  1    Str: 11    XL:     7   Next: 48%
Magic:  6/12       EV: 14    Int: 19    God:
Gold:   331        SH:  0    Dex: 12    Spells: 0/13 levels left

rFire   . . .      SeeInvis .   o - +6 spear "Piob" {flame, rPois Str+3}
rCold   . . .      Faith    .   (no shield)
rNeg    . . .      Spirit   .   (helmet restricted)
rPois   +          Reflect  .   (no amulet)
rElec   .          Harm     .   (no ring)
rCorr   .          Rampage  .   (no ring)
Will    .....                   (no ring)
Stlth   ++++......              (no ring)
HPRegen 0.14/turn               (no ring)
MPRegen 0.13/turn               (no ring)
                                (no ring)
                                (no ring)

@: no status effects
A: almost no armour, amphibious, 8 rings, camouflage 1, gelatinous body 1,
(nimble swimmer 1), tentacles
a: no special abilities


You were on level 5 of the Dungeon.
You visited 1 branch of the dungeon, and saw 5 of its levels.

You collected 331 gold pieces.

Inventory:

Hand Weapons
 c - a +2 mace of draining
 f - a +2 short sword of holy wrath
 k - a +0 vorpal hand axe
 o - the +6 spear "Piob" (weapon) {flame, rPois Str+3}
   (You found it on level 3 of the Dungeon)

   It burns those it strikes, dealing additional fire damage.
   Str:       It affects your strength (+3).
   rPois:     It protects you from poison.
 r - a +4 quarterstaff of chaos
 s - a +4 hammer of holy wrath
Jewellery
 g - a ring of fire
 q - an amulet of guardian spirit
Wands
 a - a wand of flame (31)
Scrolls
 i - 2 scrolls of identify
 j - a scroll of magic mapping
 p - a scroll of poison {unknown}
 u - a scroll of enchant weapon {unknown}
Potions
 b - a potion of haste
 d - 2 potions of heal wounds
 e - 3 potions of curing
 h - a potion of invisibility {unknown}
 l - a potion of attraction {unknown}
 m - a potion of lignification {unknown}
 n - a potion of cancellation {unknown}
 t - a potion of brilliance {unknown}


   Skills:
 + Level 1.7 Fighting
 + Level 4.1 Dodging
 - Level 5.6 Stealth
 + Level 3.8 Spellcasting
 + Level 0.9 Hexes
 + Level 5.4 Summonings
 + Level 1.0 Air Magic


You couldn't memorise any spells.
You knew the following spells:

 Your Spells              Type           Power      Damage    Failure   Level
a - Summon Small Mammal   Summ           96%        N/A       1%          1
b - Call Imp              Summ           24%        N/A       2%          2
c - Call Canine Familiar  Summ           24%        N/A       4%          3
d - Summon Guardian Gole  Hex/Summ       15%        N/A       12%         3
e - Summon Lightning Spi  Summ/Air       16%        N/A       36%         4

Your spell library contained the following spells:

 Spells                   Type           Power      Damage    Failure   Level
 Beastly Appendage        Tmut           6%         N/A       14%         1
 Sublimation of Blood     Necr           3%         N/A       22%         2
 Wereblood                Tmut           3%         N/A       22%         2
 Dazzling Flash           Conj/Hex       10%        N/A       34%         3
 Spider Form              Tmut/Pois      3%         N/A       38%         3
 Iskenderun's Mystic Bla  Conj/Tloc      3%         2d3       80%         4
 Starburst                Conj/Fire      1%         6d3       100%        6
 Orb of Destruction       Conj           1%         9d5       100%        7
 Spellforged Servitor     Conj/Summ      7%         N/A       100%        7
 Summon Hydra             Summ           12%        N/A       100%        7


Dungeon Overview and Level Annotations

Branches:
Dungeon (5/15)
 Temple: D:4-7

Altars:
Trog

Annotations:
D:4 3 runed translucent doors, QueenGhuleh's ghost, novice MiBe; Wentworth's ghost, amateur OpIE; jamesp's ghost, novice FoFi; shadownightmare's ghost, amateur GnAK


Innate Abilities, Weirdness & Mutations

You cannot wear most types of armour.
You are amphibious.
You can wear up to eight rings at the same time.
Your skin changes colour to match your surroundings (Stealth+).
Your rubbery body absorbs attacks. (AC +1, EV +1)
((You are camouflaged when in or above water. (Stealth+)))
You have tentacles for arms and can constrict up to eight enemies at once.


Message History

The orc hits you with a +0 club.
Your hound closely misses the orc priest.
The orc barely misses you. The ogre closely misses your hound.
The orc priest hits your guardian golem with a +0 club.
You closely miss the orc. Your grab misses the orc.
Your squeeze misses the orc.
The orc is almost dead.
Your hound barely misses the orc priest.
Your hound bites the orc priest.
The orc closely misses you.
The orc priest hits your guardian golem but does no damage.
You barely miss the orc. You grab the orc. You squeeze the orc.
You kill the orc!
Your hound closely misses the orc priest.
The ogre hits your hound with a +0 giant club!!
Your guardian golem overheats!
The orc priest hits your guardian golem with a +0 club.
Flame seeps out of your guardian golem.
Your hound bites the ogre.
You hit the orc. You burn the orc. You grab the orc. You tentacle-slap the orc.
The orc is heavily wounded.
You constrict the orc.
Your hound bites the ogre.
Your guardian golem is engulfed in blazing flames.
Flame seeps out of your guardian golem. The ogre barely misses your hound.
The orc closely misses you.
The orc priest looks encouraged for a moment.
You hit the orc. You burn the orc.
You kill the orc!
Your hound bites the ogre.
Your guardian golem is engulfed in blazing flames.
Flame seeps out of your guardian golem.
The orc priest hits your guardian golem with a +0 club.
Flame seeps out of your guardian golem.
Your hound bites the ogre.
You could not reach far enough!
The ogre hits your hound with a +0 giant club!!
Your hound dies!
Your hound's corpse disappears in a puff of smoke!
Your guardian golem disappears in a puff of smoke!
Your guardian golem explodes!
The fiery explosion engulfs you!!!
Ouch! That really hurt!
You die...

#.#.#.....#.<.......
[...###.....####....
.. .#### #..#### # #..
. #..# # ###... .#
#..# ###. .#.... .##
##..##..#.###.O....
..# ....##.. .
§§o§....#
..##.##.#....#
#§§....# ...<.
#.#.##.###@#
...####.#.##.#..b#
......#...#..#.###.#
>..................#
...........##..###.(..
#..............# ##
............##.####
..................#
............##.#..#


You could see an ogre, an orc priest (ally target) and a friendly bat (summoned,
sheltered).

Vanquished Creatures
  Sigmund (D:2)
  An iguana (D:5)
  2 adders
  A worm (D:3)
  A dart slug (D:1)
  6 orcs
  5 ball pythons
  5 bats
  5 endoplasms
  A giant cockroach (D:2)
  3 goblins
  4 hobgoblins
  6 jackals
  7 kobolds
  2 quokkas
  4 frilled lizards
  3 rats (D:2)
57 creatures vanquished.

Vanquished Creatures (collateral kills)
  A scorpion (D:4)
  A jelly (D:5)
  Crazy Yiuf (D:4)
  3 hounds
  2 iguanas
  3 adders
  2 worms (D:2)
  2 dart slugs
  4 orcs
  A ball python (D:1)
  An endoplasm (D:2)
  A giant cockroach (D:4)
  3 goblins
  2 hobgoblins
  6 jackals
  4 kobolds
  A quokka (D:1)
  3 bats
  6 frilled lizards
  5 rats
52 creatures vanquished.

Vanquished Creatures (others)
  A wizard (D:3)
  An adder (D:5)
  An orc (D:5)
3 creatures vanquished.

Grand Total: 112 creatures vanquished

Notes
Turn   | Place    | Note
-------+----------+-------------------------------------------
     0 | D:1      | croobank the Octopode Summoner began the quest for the Orb.
     0 | D:1      | Reached XP level 1. HP: 11/11 MP: 3/3
     3 | D:1      | Found a faded altar of an unknown god.
   120 | D:1      | Reached XP level 2. HP: 7/17 MP: 3/5
   557 | D:1      | Learned a level 2 spell: Call Imp
  1030 | D:1      | Reached XP level 3. HP: 21/21 MP: 6/6
  2048 | D:2      | Reached XP level 4. HP: 27/27 MP: 7/7
  2052 | D:2      | Learned a level 3 spell: Call Canine Familiar
  2196 | D:2      | Noticed Sigmund
  2248 | D:2      | Killed Sigmund
  2249 | D:2      | Reached XP level 5. HP: 15/31 MP: 6/9
  2249 | D:2      | Reached XP level 6. HP: 17/36 MP: 6/10
  2521 | D:2      | Reached skill level 5 in Stealth
  2945 | D:3      | Reached skill level 5 in Summonings
  3013 | D:3      | Identified the +6 spear "Piob" {flame, rPois Str+3}
  3360 | D:3      | Found a bloodstained altar of Trog.
  3363 | D:3      | Noticed a wizard
  3369 | D:3      | Killed a wizard
  3986 | D:4      | Learned a level 3 spell: Summon Guardian Golem
  4590 | D:4      | Found a runed translucent gate.
  4592 | D:4      | Reached skill level 1 in Fighting
  4630 | D:4      | Found a runed translucent gate.
  4631 | D:4      | Found a runed translucent gate.
  4633 | D:4      | Noticed QueenGhuleh's ghost (novice MiBe)
  4634 | D:4      | Noticed jamesp's ghost (novice FoFi)
  4634 | D:4      | Noticed shadownightmare's ghost (amateur GnAK)
  4634 | D:4      | Noticed Wentworth's ghost (amateur OpIE)
  4653 | D:4      | Reached XP level 7. HP: 43/43 MP: 12/12
  4658 | D:4      | Learned a level 4 spell: Summon Lightning Spire
  5063 | D:4      | Found a runed translucent door.
  5064 | D:4      | Noticed Crazy Yiuf
  5073 | D:4      | Killed Crazy Yiuf
  5224 | D:5      | Entered Level 5 of the Dungeon
  5513 | D:5      | Reached skill level 1 in Air Magic
  5686 | D:5      | Killed by an exploding themself... ignited by their inner
                  | flame

Illustrated notes

Levels and vault maps discovered:
D:1:      minmay_arrival_three_doors, layout_loops_ring, basic_ecumenical_altar
D:2:      layout_loops_corners, kennysheep_path_1, kennysheep_pointless_box,
          kennysheep_nub, st_stairs_11, hangedman_abyss_or_decor_stabs,
          uniq_sigmund
D:3:      layout_basic, trog_wizard, cheibrodos_sewer_entry_bend
D:4:      layout_loops_corners, gammafunk_ghost_cemetery,
          uniq_crazy_yiuf_cottage
D:5:      layout_rooms, mainiacjoe_overflow_alcove_4,
          nicolae_wu_jian_immortal_techniques, nicolae_overflow_crystal_walls,
          minmay_temple_entry_nine_rooms, kennysheep_generic_room_8

Skill      XL: |  1  2  3  4  5  6  7 |
---------------+----------------------+-----
Stealth        | 3 4 5 |  5.6
Dodging        | 3 4 |  4.1
Spellcasting   | 3 |  3.8
Summonings     | 5 |  5.4
Fighting       | 1 |  1.7
Air Magic      | 1 |  1.0
Hexes          | |  0.9

Action                   |  1- 3 |  4- 6 |  7- 9 || total
-------------------------+-------+-------+-------++-------
Melee: Mace              |    33 |    23 |       ||    56
       Constrict         |     8 |     9 |     3 ||    20
       Tentacles         |     3 |     7 |     2 ||    12
       Spear             |       |    29 |    15 ||    44
       Punch             |       |       |     2 ||     2
 Cast: Summon Small Mamm |    39 |    30 |     9 ||    78
       Call Imp          |     7 |    12 |     5 ||    24
       Call Canine Famil |       |     6 |     6 ||    12
       Summon Guardian G |       |       |     3 ||     3
  Use: Scroll            |     1 |     6 |       ||     7
       Potion            |       |     1 |       ||     1
 Stab: Sleeping          |     5 |     8 |       ||    13
       Distracted        |       |     1 |       ||     1
Armor: Skin              |     1 |     2 |       ||     3
Dodge: Dodged            |    27 |    26 |     8 ||    61
